AoeStats
← reconquista.ad

Arena

510159620Analyzed
2v2 RM · 2d ago on Sep 29, 2026· 76m 7s· 4 players
Game mode
Random Map
Map size
Medium (4 player)
Population
200
Speed
Normal
Resources
Standard
Victory
Conquest
Starting age
Dark Age
Ending age
Imperial Age
RankedLock teamsTeams togetherTeam positionsShared explorationLock speedFull tech treeHidden civsTurbo modeCheats
Victory
Defeat
🇩🇪 Ethiopians · Germany
1076
+15
🇩🇪 Romans · Germany
1075
+16
🇹🇷 Britons · Türkiye
1073
-16
🇹🇷 Turks · Türkiye
1059
-15
EtZeL
10:14 Feudal Age
15:34 Castle Age
13:54 Double-Bit Axe
14:11 Horse Collar
14:58 Town Watch
15:27 Loom
18:15 Fletching
18:10 Pikeman
20:51 Squires
22:34 Scale Mail Armor
22:34 Crossbowman
24:33 Forging
25:32 Bodkin Arrow
26:11 Padded Archer Armor
27:30 Leather Archer Armor
28:37 Heavy Plow
30:05 Wheelbarrow
29:59 Bow Saw
31:44 Hand Cart
35:40 Imperial Age
33:45 Man-at-Arms
35:24 Chain Mail Armor
34:31 Long Swordsman
34:57 Gambesons
34:58 Arson
36:47 Iron Casting
36:55 Yeomen
36:37 Bracer
36:46 Town Patrol
38:42 Ring Archer Armor
37:35 Arbalester
39:27 Two-Man Saw
39:08 Conscription
38:32 Cranequins
39:11 Gold Mining
39:53 Plate Mail Armor
41:47 Blast Furnace
42:10 Chemistry
41:30 Ballistics
43:12 Chemistry
44:02 Two-Handed Swordsman
46:56 Masonry
47:17 Halberdier
47:47 Champion
55:29 Coinage
55:00 Caravan
57:47 Scale Barding Armor
57:09 Light Cavalry
57:52 Husbandry
60:00 Chain Barding Armor
61:26 Plate Barding Armor
67:28 Hoardings
68:01 Banking
69:13 Siege Engineers
69:38 Architecture
reconquista.ad
11:05 Feudal Age
14:37 Castle Age
13:39 Double-Bit Axe
13:38 Horse Collar
27:47 Imperial Age
26:49 Heavy Plow
27:40 Bow Saw
29:28 Fletching
30:17 Padded Archer Armor
34:19 Leather Archer Armor
35:03 Bodkin Arrow
47:12 Bracer
50:40 Thumb Ring
57:53 Caravan
63:46 Scale Barding Armor
64:50 Husbandry
Libera
11:41 Feudal Age
12:38 Double-Bit Axe
15:13 Castle Age
13:00 Horse Collar
15:14 Light Cavalry
21:13 Bow Saw
22:02 Heavy Plow
26:28 Wheelbarrow
27:16 Town Watch
27:26 Gold Mining
30:32 Imperial Age
27:48 Loom
29:06 Squires
29:08 Scale Mail Armor
29:20 Stone Mining
30:07 Gold Shaft Mining
29:00 Man-at-Arms
30:13 Forging
30:29 Chain Mail Armor
30:14 Long Swordsman
31:33 Iron Casting
31:39 Iron Casting
31:07 Town Patrol
31:27 Hand Cart
32:08 Legionary
34:58 Blast Furnace
36:16 Heavy Scorpion
37:28 Fletching
40:47 Elite Centurion
42:27 Conscription
44:03 Scale Barding Armor
50:14 Capped Ram
51:33 Comitatenses
51:31 Siege Ram
59:42 Pikeman
61:04 Chain Barding Armor
60:42 Bodkin Arrow
70:39 Ballistas
76:32 Chain Barding Armor
Huly
5:13 Loom
12:03 Feudal Age
14:02 Double-Bit Axe
15:20 Horse Collar
18:13 Castle Age
16:18 Town Watch
17:08 Wheelbarrow
16:40 Fletching
16:50 Padded Archer Armor
18:57 Gold Mining
19:44 Bow Saw
20:00 Crossbowman
22:10 Gold Shaft Mining
22:39 Heavy Plow
23:04 Bodkin Arrow
26:16 Town Patrol
26:51 Leather Archer Armor
27:43 Ballistics
29:29 Elite Skirmisher
30:14 Light Cavalry
32:52 Scale Barding Armor
34:13 Scale Mail Armor
37:27 Imperial Age
36:16 Thumb Ring
37:15 Forging
37:26 Chain Barding Armor
38:33 Conscription
38:24 Bracer
38:52 Arbalester
40:26 Ring Archer Armor
40:59 Capped Ram
42:35 Hand Cart
42:12 Heavy Camel Rider
47:59 Chemistry
68:45 Two-Man Saw
76:43 Husbandry
Connection lost

Rejoining the realm…

Still unreachable

The connection could not be restored.

Session expired

The server has moved on; the page needs a fresh start.